 Dungeon Crawl Stone Soup version 0.31.0-12-g77e489cdc1 (webtiles) character file.

Game seed: 10770397357851150703

13736 MisterFreud the Nimble (level 11, -12/81 HPs)
             Began as a Felid Berserker on Feb 13, 2024.
             Was a Priest of Trog.
             Mangled by a freezing wraith (15 damage)
             ... on level 10 of the Dungeon.
             The game lasted 00:14:20 (11076 turns).

MisterFreud the Nimble (Felid Berserker)           Turns: 11076, Time: 00:14:21

Health: -12/81     AC:  2    Str: 13    XL:     11   Next: 79%
Magic:  12/12      EV: 27    Int: 11    God:    Trog [***...]
Gold:   544        SH:  0    Dex: 20    Spells: 10/10 levels left
                                        Lives:  0   Deaths: 4

rFire   . .          .
                       - Unarmed
rCold   . . .        (shield unavailable)
rNeg    . . .        (body armour unavailable)
rPois   .            (helmet unavailable)
rElec   .            (cloak unavailable)
rCorr   .            (gloves unavailable)
SInv    +            (boots unavailable)
Will    ++...        (no amulet) Stlth
                     v - ring of willpower
HPRegen 0.33/turn    (no ring)
MPRegen 0.13/turn

%: no passive effects
@: berserking, blade hands, slowed
A: reduced hp, very small, (claws 1), fangs 3, see invisible, shaggy fur 2,
(stealthy paws), no weapons or thrown items, no armour, multi-lived
a: Begin Untransformation, Renounce Religion, Berserk, Trog's Hand


You were on level 10 of the Dungeon.
You worshipped Trog.
Trog was most pleased with you.
You had blades for front paws.
You visited 1 branch of the dungeon, and saw 10 of its levels.

You collected 544 gold pieces.

Inventory:

Jewellery
 v - a ring of willpower (left blade hand)
Talismans
 o - a blade talisman (active)
Wands
 j - a wand of polymorph (5)
 r - a wand of paralysis (6)
 u - a wand of flame (15)
Scrolls
 h - 2 scrolls of identify
 i - 2 scrolls of immolation
 m - 2 scrolls of teleportation
 n - a scroll of blinking
 t - a scroll of vulnerability
Potions
 a - 3 potions of resistance
 b - 3 potions of brilliance
 c - 5 potions of curing
 d - a potion of heal wounds
 e - 2 potions of magic
 f - a potion of lignification {unknown}
 g - a potion of enlightenment {unknown}
 k - 2 potions of mutation
 l - a potion of attraction {unknown}
 p - 2 potions of invisibility
 s - 3 potions of degeneration {unknown}


   Skills:
 - Level 6.0 Fighting
 - Level 12.0 Dodging
 - Level 10.0 Stealth
 - Level 10.0 Unarmed Combat
 * Level 9.7 Shapeshifting


You had 10 spell levels left.
You didn't know any spells.
Your spell library was empty.

Dungeon Overview and Level Annotations

Branches:
Dungeon (10/15)            Temple (0/1) D:5            Lair (0/5) D:9
    Orc: D:9-12

Altars:
Elyvilon
Kikubaaqudgha
Makhleb
Qazlal

Shops:
D:8 (

Annotations:
D:10 3 runed translucent doors, Nattefrost's ghost, journeyman MiMo


Innate Abilities, Weirdness & Mutations

You have blades for front paws.
Your maximum health is decreased, since you lack skill for your form.
((You have sharp claws.))
You have razor-sharp teeth.
You have supernaturally acute eyesight. (SInv)
You are covered in thick fur. (AC +2)
((Your paws help you pounce on unaware monsters.))
You are incapable of wielding weapons or throwing items.
You cannot wear armour.
You gain extra lives every three experience levels.


Message History

A freezing wraith is nearby!
You closely miss the freezing wraith.
The freezing wraith is lightly damaged.
The freezing wraith completely misses you. x2
You barely miss the freezing wraith. You slash the freezing wraith!
The freezing wraith is moderately damaged.
You hit the freezing wraith.
The freezing wraith is heavily damaged.
The freezing wraith completely misses you. x2
You barely miss the freezing wraith.
The freezing wraith is heavily damaged.
The freezing wraith closely misses you. x2
You hit the freezing wraith but do no damage.
You bite the freezing wraith, but do no damage.
The freezing wraith is heavily damaged.
The freezing wraith misses you. The freezing wraith closely misses you.
You closely miss the freezing wraith.
The freezing wraith is heavily damaged.
The freezing wraith completely misses you.
The freezing wraith hits you. The freezing wraith drains your vigour!
You feel yourself slow down.
You barely miss the freezing wraith.
You slash the freezing wraith, but do no damage.
The freezing wraith is heavily damaged.
The freezing wraith completely misses you.
The freezing wraith hits you!
You slash the freezing wraith!
The freezing wraith is severely damaged.
The freezing wraith hits you! The freezing wraith freezes you!
The freezing wraith hits you!
* * * LOW HITPOINT WARNING * * *
The freezing wraith drains your vigour!
You feel as though you will be slow longer.
A red film seems to cover your vision as you go berserk!
You feel yourself moving faster!
You feel mighty!
The freezing wraith hits you but does no damage.
The freezing wraith barely misses you. The freezing wraith hits you.
* * * LOW HITPOINT WARNING * * *
The freezing wraith freezes you!
You die...

#..# #.###.####.#...#
#...... >...# #.#
#...##..##.# #......
#.##.# #.#
###......#..##......
.. #.# #.#
###.#..##..#...... #
#.# #.#
#..#..###.#...... #..
#..
##.##....W.#......
##. #..##. #.†#......
#.###.#####.......
#@###.............
#...W.....####.......
#....###..# #..#.....
#..#.# ##.###.###....
.. :##.##.#
#.......###### #.
....##.###.......#
##.# ...
........[[...#
#####....#..#
#.###...[...# .......
....####.###.......#


You could see a freezing wraith.

Vanquished Creatures
  Erica (D:8)
  3 two-headed ogres
  A death yak (D:9)
  An orc knight (D:8)
  2 deep elf pyromancers (D:10)
  An ugly thing (D:10)
  A cyclops (D:8)
  Maurice (D:7)
  A manticore (D:10)
  A meliai (shapeshifter) (D:10)
  A meliai (D:9)
  A gargoyle (D:10)
  A freezing wraith (D:10)
  An efreet (D:10)
  3 komodo dragons (D:9)
  3 yaks (D:10)
  2 wyverns (D:9)
  A steam dragon (D:8)
  A basilisk (D:10)
  Menkaure (D:7)
  2 acid dragons (D:9)
  2 sky beasts (D:7)
  3 water moccasins
  Duvessa (D:7)
  4 orc warriors
  2 black bears (D:5)
  2 ice beasts
  2 ogres
  2 wolves
  4 centaurs
  A phantom (D:5)
  2 kobold brigands (D:9)
  A gnoll sergeant (D:10)
  2 bullfrogs
  3 scorpions
  13 wights
  A burial acolyte (D:7)
  Dowan (D:7)
  5 killer bees (D:9)
  3 bombardier beetles
  2 howler monkeys
  An electric eel (D:9)
  A crimson imp (D:7)
  An orc priest (D:8)
  Crazy Yiuf (D:7)
  4 hounds
  3 jellies
  A sleepcap (D:7)
  2 iguanas
  3 orc wizards
  6 gnolls
  5 adders
  A shadow imp (D:7)
  6 white imps
  4 ufetubi (D:9)
  An adder zombie (D:7)
  2 dart slugs
  2 ribbon worms
  15 orcs
  8 endoplasms
  5 giant cockroaches
  7 goblins
  7 hobgoblins
  4 jackals (D:4)
  15 kobolds
  7 quokkas
  8 bats
  5 frilled lizards
  3 jackal zombies (D:7)
  5 rats
219 creatures vanquished.

Notes
Turn   | Place    | Note
-------+----------+-------------------------------------------
     0 | D:1      | MisterFreud the Felid Berserker began the quest for the
                  | Orb.
     0 | D:1      | Reached XP level 1. HP: 12/12 MP: 2/2
    68 | D:1      | Reached skill level 1 in Stealth
    83 | D:1      | Reached XP level 2. HP: 9/16 MP: 3/3
   692 | D:2      | Reached XP level 3. HP: 10/20 MP: 4/4
  1001 | D:2      | Reached ** piety under Trog
  1137 | D:2      | Reached XP level 4. HP: 24/24 MP: 5/5
  1137 | D:2      | Gained a life (2 lives remaining)
  1656 | D:3      | HP: 1/24 [burnt (5)]
  1657 | D:3      | Incinerated by a bombardier beetle
  1657 | D:3      | Lost a life (1 life remaining)
  1730 | D:3      | Reached XP level 5. HP: 23/28 MP: 6/6
  2163 | D:4      | Reached skill level 5 in Stealth
  2302 | D:4      | Noticed an ogre
  2307 | D:4      | Killed an ogre
  2308 | D:4      | Reached skill level 5 in Unarmed Combat
  2317 | D:4      | Gained mutation: You are covered in thick fur. (AC +2)
                  | [Felid growth]
  2317 | D:4      | Reached XP level 6. HP: 18/32 MP: 7/7
  3357 | D:5      | Entered Level 5 of the Dungeon
  3379 | D:5      | Reached skill level 5 in Dodging
  3379 | D:5      | Reached XP level 7. HP: 9/36 MP: 8/8
  3379 | D:5      | Gained a life (2 lives remaining)
  3495 | D:5      | Reached skill level 6 in Dodging
  3567 | D:5      | Found a stormy altar of Qazlal.
  3661 | D:5      | Found a staircase to the Ecumenical Temple.
  3671 | D:5      | Reached skill level 7 in Dodging
  3867 | D:5      | Reached skill level 8 in Dodging
  4207 | D:6      | Reached skill level 9 in Dodging
  4210 | D:6      | Reached XP level 8. HP: 40/40 MP: 9/9
  4466 | D:6      | Reached skill level 10 in Dodging
  4787 | D:6      | Found a white marble altar of Elyvilon.
  5160 | D:6      | Reached skill level 5 in Fighting
  5464 | D:7      | Found a runed translucent door.
  5465 | D:7      | Noticed Crazy Yiuf
  5498 | D:7      | Noticed Maurice
  5500 | D:7      | Maurice stole 323 gold
  5510 | D:7      | Killed Maurice
  5585 | D:7      | Reached XP level 9. HP: 31/48 MP: 10/10
  5667 | D:7      | Reached *** piety under Trog
  5708 | D:7      | Noticed Duvessa
  5711 | D:7      | Noticed Dowan
  5897 | D:7      | Noticed Menkaure
  5906 | D:7      | Killed Menkaure
  5950 | D:7      | Reached skill level 11 in Dodging
  6130 | D:7      | Killed Duvessa
  6131 | D:7      | Killed Dowan
  6210 | D:7      | Found an ancient bone altar of Kikubaaqudgha.
  6851 | D:7      | Killed Crazy Yiuf
  7030 | D:8      | Reached skill level 1 in Shapeshifting
  7363 | D:8      | Noticed a two-headed ogre
  7363 | D:8      | Noticed a two-headed ogre
  7385 | D:8      | Annihilated by a two-headed ogre
  7385 | D:8      | Lost a life (1 life remaining)
  7390 | D:8      | Noticed Erica
  7397 | D:8      | Killed Erica
  7398 | D:8      | Reached XP level 10. HP: 53/53 MP: 11/11
  7398 | D:8      | Gained a life (2 lives remaining)
  7434 | D:8      | Found Ezao's Weapon Emporium.
  7579 | D:8      | Killed a two-headed ogre
  7580 | D:8      | Reached skill level 12 in Dodging
  7715 | D:8      | Noticed a cyclops
  7720 | D:8      | Noticed a two-headed ogre
  7722 | D:8      | Killed a cyclops
  7723 | D:8      | Reached skill level 10 in Stealth
  7732 | D:8      | Killed a two-headed ogre
  7799 | D:8      | HP: 1/79 [orc warrior/+0 glaive (3)]
  7814 | D:8      | Slain by an orc warrior
  7814 | D:8      | Lost a life (1 life remaining)
  7883 | D:8      | Noticed an orc knight
  7898 | D:8      | Killed an orc knight
  7899 | D:8      | Reached skill level 5 in Shapeshifting
  8294 | D:9      | Noticed a death yak
  8695 | D:9      | Found a burning altar of Makhleb.
  8964 | D:9      | Killed a death yak
  8965 | D:9      | Reached XP level 11. HP: 56/56 MP: 12/12
  9165 | D:9      | Found a staircase to the Lair.
  9523 | D:10     | Entered Level 10 of the Dungeon
  9523 | D:10     | Noticed a deep elf pyromancer
  9523 | D:10     | Noticed a four-headed hydra
  9523 | D:10     | Noticed a two-headed ogre
  9526 | D:10     | Killed a two-headed ogre
  9530 | D:10     | Noticed a deep elf pyromancer
  9702 | D:10     | Noticed a deep elf pyromancer
  9812 | D:10     | Reached skill level 10 in Unarmed Combat
 10147 | D:10     | Found a runed translucent gate.
 10147 | D:10     | Found a runed translucent gate.
 10147 | D:10     | Found a runed translucent gate.
 10147 | D:10     | Noticed Nattefrost's ghost (journeyman MiMo)
 10675 | D:10     | Noticed a white ugly thing
 10678 | D:10     | Killed a deep elf pyromancer
 10686 | D:10     | Killed a white ugly thing
 10808 | D:10     | Killed a deep elf pyromancer
 10894 | D:10     | Mangled by a freezing wraith
 10894 | D:10     | Lost a life (0 lives remaining)
 11076 | D:10     | HP: 3/81 [freezing wraith (3)]
 11076 | D:10     | Mangled by a freezing wraith

Illustrated notes

Levels and vault maps discovered:
D:1:      minmay_arrival_three_doors, layout_loops_ring, minmay_tromino_mix6
D:2:      minmay_razor_zed, layout_basic
D:3:      layout_basic
D:4:      layout_loops_corners, minmay_tree_intersection
D:5:      layout_gridville, mainiacjoe_overflow_paths, minmay_temple_entry_ruins
D:6:      lemuel_ice_spiral_2, layout_basic, elyvilon_altar_3
D:7:      nicolae_cairo_tiling_large_dashed, layout_loops_ring,
          lemuel_zombie_altar_kikubaaqudgha, minmay_fire_ice_demons,
          uniq_duvessa, uniq_maurice, uniq_menkaure, uniq_crazy_yiuf_cottage
D:8:      layout_basic, serial_shops, nicolae_diamond_shop,
          hellmonk_guarded_unrand_dark_maul, uniq_erica
D:9:      layout_irregular_city, lemuel_coloured_pillars_altar,
          erik_lair_dragon, serial_ice, serial_ice_i, serial_ice_c,
          serial_ice_e, serial_ice_o
D:10:     layout_rooms, gammafunk_ghost_nasty_kobolds, kennysheep_doodads,
          minivault_28

Skill      XL: |  1  2  3  4  5  6  7  8  9 10 11 |
---------------+----------------------------------+-----
Stealth        | 1 2 3 4 6 9 10 | 10.0
Unarmed Combat | 4 5 6 7 9 10 | 10.0
Dodging        | 5 9 10 11 12 | 12.0
Fighting       | 6 |  6.0
Shapeshifting  | 2 6 9 |  9.7

Action                     |  1- 3 |  4- 6 |  7- 9 | 10-12 || total
---------------------------+-------+-------+-------+-------++-------
  Melee: Unarmed           |    95 |   157 |   255 |   288 ||   795
         Bite              |    11 |    19 |    36 |    39 ||   105
         Punch             |     1 |     7 |    16 |    25 ||    49
 Invoke: Berserk           |       |       |    11 |    13 ||    24
         Trog's Hand       |       |       |     4 |     6 ||    10
  Evoke: Wand              |       |       |     3 |       ||     3
    Use: Scroll            |     4 |     7 |     6 |     5 ||    22
         Potion            |       |       |       |     2 ||     2
   Stab: Sleeping          |    11 |     8 |    10 |    17 ||    46
         Distracted        |       |       |       |     2 ||     2
 Armour: Skin              |    20 |    48 |    60 |   102 ||   230
  Dodge: Dodged            |    77 |   103 |   266 |   387 ||   833
   Form: Blade             |       |       |       |     1 ||     1
